 Dungeon Crawl Stone Soup version 0.26.1-11-gd32895ea62 (webtiles) character file.

Game seed: 9123959300069432729

315 Zeld the Twirler (level 6, -7/39 HPs)
             Began as an Octopode Gladiator on May 19, 2021.
             Was an Initiate of Wu Jian.
             Mangled by a centaur (8 damage)
             ... on level 4 of the Dungeon.
             The game lasted 00:06:21 (6531 turns).

Zeld the Twirler (Octopode Gladiator)               Turns: 6531, Time: 00:06:22

Health: -7/39      AC:  1    Str: 13    XL:     6   Next: 43%
Magic:  6/6        EV: 14    Int: 10    God:    Wu Jian [......]
Gold:   203        SH:  0    Dex: 16    Spells: 5/5 levels left

rFire    . . .     SeeInvis .   a - +0 quarterstaff
rCold    + . .     Faith    .   (shield currently unavailable)
rNeg     . . .     Spirit   .   b - +0 hat
rPois    +         Reflect  .   (no amulet)
rElec    .         Harm     .   (no ring)
rCorr    .         Rampage  .   j - ring of poison resistance
Will     .....                  l - ring of protection from cold
Stlth    ++........             (no ring)
HPRegen  0.13/turn              (no ring)
MPRegen  0.10/turn              (no ring)
                                (no ring)
                                (no ring)

@: no status effects
A: almost no armour, stealthy swim, amphibious, 8 rings, constrict 8, camouflage
1, gelatinous body 1
a: Renounce Religion


You were on level 4 of the Dungeon.
You worshipped Wu Jian.
Wu Jian was noncommittal.
You visited 2 branches of the dungeon, and saw 6 of its levels.

You collected 203 gold pieces.

Inventory:

Hand Weapons
 a - a +0 quarterstaff (weapon)
Missiles
 c - 3 throwing nets (quivered)
Armour
 b - a +0 hat (worn)
Jewellery
 j - a ring of poison resistance (right tentacle)
 l - a ring of protection from cold (on tentacle)
Wands
 o - a wand of iceblast (10)
Scrolls
 d - 4 scrolls of amnesia {unknown}
 g - a scroll of random uselessness {unknown}
 h - a scroll of immolation {unknown}
 k - 5 scrolls of remove curse
 m - 5 scrolls of identify {unknown}
 p - a scroll of noise {unknown}
 s - a scroll of blinking {unknown}
 t - a scroll of magic mapping {unknown}
 u - a scroll of teleportation {unknown}
Potions
 e - 3 potions of heal wounds {unknown}
 f - 2 potions of brilliance {unknown}
 n - a potion of attraction {unknown}
 q - a potion of mutation {unknown}
 r - a potion of berserk rage {unknown}


   Skills:
 - Level 2.0 Fighting
 * Level 5.3 Staves
 * Level 4.8 Throwing
 - Level 3.0 Dodging


You had 5 spell levels left.
You didn't know any spells.
Your spell library contained the following spells:

 Spells                   Type           Power        Failure   Level
 Animate Skeleton         Necr           0%           36%         1
 Magic Dart               Conj           0%           36%         1
 Pain                     Necr           0%           36%         1
 Ensorcelled Hibernation  Hex/Ice        0%           50%         2
 Searing Ray              Conj           0%           50%         2
 Dazzling Flash           Conj/Hex       0%           75%         3
 Vampiric Draining        Necr           0%           75%         3
 Animate Dead             Necr           0%           98%         4
 Fulminant Prism          Conj/Hex       0%           98%         4
 Iskenderun's Mystic Bla  Conj/Tloc      0%           98%         4
 Agony                    Necr           0%           100%        5
 Borgnjor's Vile Clutch   Necr/Erth      0%           100%        5
 Silence                  Hex/Air        0%           100%        5
 Shadow Creatures         Summ           N/A          100%        6


Dungeon Overview and Level Annotations

Branches:
Dungeon (5/15)             Temple (1/1) D:4

Altars:
Cheibriados
Dithmenos
Fedhas
Hepliaklqana
Kikubaaqudgha
Nemelex Xobeh
Okawaru
Qazlal
Ru
Trog
Vehumet
Wu Jian
Yredelemnul

Annotations:
D:5 1 runed translucent door, exclusions: ice beast and sky beast, Diggabert's ghost, novice HOFi


Innate Abilities, Weirdness & Mutations

You cannot wear most types of armour.
You are very stealthy in the water. (Stealth+)
You are amphibious.
You can wear up to eight rings at the same time.
You can use your tentacles to constrict eight enemies at once.
Your skin changes colour to match your surroundings (Stealth+).
Your rubbery body absorbs attacks. (AC +1, EV +1)


Message History

You are too injured to fight recklessly!
You hit the centaur. Your squeeze misses the centaur.
The centaur is lightly wounded.
The centaur barely misses you. x2
You hit the centaur but do no damage.
The centaur is lightly wounded.
The centaur completely misses you.
You hit the centaur.
The centaur is lightly wounded.
The centaur hits you!
* * * LOW HITPOINT WARNING * * *
The centaur hits you.
* * * LOW HITPOINT WARNING * * *
You thump the centaur! Your squeeze misses the centaur.
The centaur is heavily wounded.
The centaur barely misses you.
You hit the centaur.
The centaur is almost dead.
The centaur hits you!
You die...

#####.....##.......###........#).
##.......#....#...###...........#
##............#.....#.....^.....#
..............<.................#
.†.................##...........#
###†..............#.#....####..##
.##..###.>.............#..##...#
......###..#.#[.......##.=....##
.....###...###..@..>...##...(##
.....#....###..c............##
#.#......................####
####....##...........#...#
###.............(...##.##
#...........#...##.#####
###......#####.##### #..#.### ###
######


You could see a centaur.

Vanquished Creatures
  Ijyb (D:3)
  2 worker ants (D:3)
  8 gnolls
  5 adders
  A worm (D:2)
  2 dart slugs
  2 leopard geckos (D:3)
  13 orcs
  13 bats
  2 bat zombies (D:3)
  3 giant cockroaches
  6 goblins
  5 hobgoblins
  9 jackals
  8 kobolds
  5 quokkas
  3 ball pythons
  8 frilled lizards
  8 rats
104 creatures vanquished.

Vanquished Creatures (others)
  9 plants
9 creatures vanquished.

Grand Total: 113 creatures vanquished

Notes
Turn   | Place    | Note
-------+----------+-------------------------------------------
     0 | D:1      | Zeld the Octopode Gladiator began the quest for the Orb.
     0 | D:1      | Reached XP level 1. HP: 14/14 MP: 1/1
   260 | D:1      | Reached XP level 2. HP: 16/19 MP: 2/2
   729 | D:1      | Reached XP level 3. HP: 13/24 MP: 3/3
  1529 | D:2      | Found a basalt altar of Yredelemnul.
  1530 | D:2      | Found a shadowy altar of Dithmenos.
  1668 | D:2      | Reached skill level 4 in Staves
  1668 | D:2      | Reached XP level 4. HP: 18/29 MP: 4/4
  1943 | D:2      | Found a faded altar of an unknown god.
  2224 | D:3      | Reached XP level 5. HP: 24/34 MP: 5/5
  2354 | D:3      | Found a blossoming altar of Fedhas.
  2448 | D:3      | Noticed Ijyb
  2456 | D:3      | Killed Ijyb
  2999 | D:3      | Found an ancient bone altar of Kikubaaqudgha.
  3225 | D:3      | Reached skill level 5 in Staves
  3570 | D:3      | Reached XP level 6. HP: 22/39 MP: 6/6
  4932 | D:3      | Found an ancient bone altar of Kikubaaqudgha.
  5559 | D:4      | Found a staircase to the Ecumenical Temple.
  5567 | Temple   | Entered the Ecumenical Temple
  5608 | Temple   | Became a worshipper of the Wu Jian Council
  6402 | D:5      | Entered Level 5 of the Dungeon
  6402 | D:5      | Found a runed translucent door.
  6402 | D:5      | Noticed Diggabert's ghost (novice HOFi)
  6408 | D:5      | Noticed a sky beast
  6409 | D:5      | Noticed an ice beast
  6529 | D:4      | HP: 1/39 [centaur (5)]
  6531 | D:4      | Mangled by a centaur

Illustrated notes

Levels and vault maps discovered:
D:1:      minmay_arrival_jagged, layout_basic, chequers_arboretum,
          amcnicky_mini_corridor_feature, serial_bayou_lake_a
D:2:      layout_rooms, grunt_temple_overflow_open,
          chequers_ecumenical_altar_simple_redux, minmay_octomino_e4
D:3:      layout_basic, lemuel_zombie_altar_kikubaaqudgha,
          fedhas_ov_isle_minmay, uniq_ijyb
D:4:      layout_cave_pools, minmay_temple_entry_butterflies
D:5:      layout_rooms, elyvilon_altar_4, gammafunk_ghost_grave,
          nemelex_diamond_rough_becter
Temple:   jpeg_temple_island

Skill      XL: |  1  2  3  4  5 |
---------------+----------------+-----
Throwing       | 3 4 |  4.8
Staves         | 4 5 |  5.3
Fighting       | |  2.0
Dodging        | |  3.0

Action                   |  1- 3 |  4- 6 || total
-------------------------+-------+-------++-------
Melee: Quarterstaff      |    89 |   127 ||   216
       Constrict         |    28 |    35 ||    63
       Tentacles         |    12 |    27 ||    39
Invok: Lunge             |       |     3 ||     3
  Use: Scroll            |       |     1 ||     1
 Stab: Sleeping          |     4 |     3 ||     7
Armor: Skin              |    10 |     7 ||    17
Dodge: Dodged            |    68 |    80 ||   148
